 Dungeon Sprint DCSS version 0.26-a0-708-g17f3b190f9 (webtiles) character file.

Game seed: 17559619120041549435

977 mhtbhm the Spear-Bearer (level 8, -11/71 HPs)
             Began as a Merfolk Fighter on Oct 29, 2020.
             Was a Believer of Okawaru.
             Mangled by a komodo dragon (24 damage)
             ... in the Dungeon (Sprint IX: "|||||||||||||||||||||||||||||").
             The game lasted 00:01:29 (921 turns).

mhtbhm the Spear-Bearer (Merfolk Fighter)            Turns: 921, Time: 00:01:29

Health: -11/71     AC: 14    Str: 18    XL:     8   Next: 17%
Magic:  5/8        EV:  9    Int: 11    God:    Okawaru [**....]
Gold:   16         SH: 11    Dex: 13    Spells: 7/7 levels left

rFire    + . .     SeeInvis .   a - +0 trident
rCold    . . .     Faith    .   c - +0 kite shield
rNeg     . . .     Spirit   .   b - +1 chain mail
rPois    .         Reflect  .   (no helmet)
rElec    .         Harm     .   o - +0 cloak
rCorr    .         Rampage  .   p - +0 pair of gloves
MR       .....     NoTele   +   (no boots)
Stlth    ..........             (no amulet)
HPRegen  0.21/turn              q - +3 ring of intelligence
MPRegen  0.11/turn              r - +2 ring of evasion

@: no status effects
A: change form in water, swift swim, stealthy swim, fire resistance 1,
MP-powered wands
a: Heroism, Renounce Religion


You were in the Dungeon.
You worshipped Okawaru.
Okawaru was pleased with you.
You visited 1 branch You collected 16 gold pieces.

Inventory:

Hand Weapons
 a - a +0 trident (weapon)
Armour
 b - a +1 chain mail (worn)
 c - a +0 kite shield (worn)
 o - a +0 cloak (worn)
 p - a +0 pair of gloves (worn)
Jewellery
 q - a +3 ring of intelligence (left hand)
 r - a +2 ring of evasion (right hand)
Wands
 n - a wand of acid (9)
Scrolls
 i - 7 scrolls of enchant armour
 j - 2 scrolls of blinking
 l - 3 scrolls of remove curse
 m - 2 scrolls of amnesia
 s - a scroll of fear
 t - 2 scrolls of enchant weapon
 u - a scroll of identify
Potions
 d - 2 potions of might
 e - a potion of invisibility
 f - 7 potions of heal wounds
 g - a potion of haste
 h - 4 potions of magic
 k - 4 potions of curing


   Skills:
 + Level 9.3 Fighting
 + Level 13.3 Polearms
 + Level 7.3 Armour
 + Level 3.3 Dodging
 + Level 8.3 Shields


You had 7 spell levels left.
You didn't know any spells.
Your spell library was empty.

Dungeon Overview and Level Annotations

Branches:
Dungeon (1/1)

Altars:
Cheibriados
Dithmenos
Elyvilon
Fedhas
Gozag
Hepliaklqana
Kikubaaqudgha
Makhleb
Nemelex Xobeh
Okawaru
Qazlal
Ru
Sif Muna
Trog
Uskayaw
Vehumet
Wu Jian
Xom
Yredelemnul
Zin
The Shining One
Beogh
Jiyva
Lugonu


Innate Abilities, Weirdness & Mutations

You revert to your normal form in water.
You are very nimble and swift while swimming.
You are very stealthy in the water. (Stealth+)
Your flesh is heat resistant. (rF+)
You expend magic power (3 MP) to strengthen your wands.


Message History

The komodo dragon is severely wounded.
A yak comes into view.
You barely miss the komodo dragon.
The komodo dragon is severely wounded.
The komodo dragon bites you!!
You puncture the komodo dragon!
The komodo dragon is almost dead.
The komodo dragon bites you!
* * * LOW HITPOINT WARNING * * *
The yak snorts and paws the ground.
You hit the komodo dragon but do no damage.
The komodo dragon is almost dead.
The komodo dragon bites you.
* * * LOW HITPOINT WARNING * * *
You hit the komodo dragon but do no damage.
The komodo dragon is almost dead.
You barely miss the komodo dragon.
The komodo dragon is almost dead.
The komodo dragon bites you!!
You die...

▓.▓_▓
▓Y▓.▓_▓
▓l▓.▓_▓
▓F▓.▓_▓
▓F▓.▓_▓
▓Y▓.▓_▓
▓S▓.▓_▓
▓l▓.▓_▓
▓@▓.▓_▓
▓.▓.▓_▓
▓.▓.▓_▓
▓.▓.▓_▓
▓.▓.▓'▓
▓.▓.▓.▓
▓.▓.▓.▓
▓.▓.▓.▓
▓.▓.▓.▓


You could see a komodo dragon (corroded), 2 yaks, 2 cane toads, a basilisk and a
water moccasin (corroded).

Vanquished Creatures
  An unseen horror (D)
  A water moccasin (shapeshifter) (D)
  An orc warrior (D)
  An eye of draining (D)
  A big kobold (D)
  A scorpion (D)
  2 worker ants (D)
  An adder (D)
  An adder skeleton (D)
  An adder zombie (D)
  A leopard gecko (D)
  2 orcs (D)
  A goblin (D)
  A jackal (D)
  A bat (D)
  A frilled lizard (D)
  A giant cockroach zombie (D)
  A kobold (D)
  2 rats (D)
22 creatures vanquished.

Notes
Turn   | Place    | Note
-------+----------+-------------------------------------------
     0 | D        | mhtbhm the Merfolk Fighter began the quest for the Orb.
     0 | D        | Reached XP level 1. HP: 18/18 MP: 1/1
    53 | D        | Noticed a worker ant
    55 | D        | Reached XP level 2. HP: 25/25 MP: 2/2
    70 | D        | HP: 1/25 [worker ant (4)]
    73 | D        | Reached skill level 4 in Polearms
    73 | D        | Reached XP level 3. HP: 14/32 MP: 3/3
    79 | D        | Found a roughly hewn altar of Beogh.
    79 | D        | Found a snail-covered altar of Cheibriados.
    79 | D        | Found a shadowy altar of Dithmenos.
    79 | D        | Found a white marble altar of Elyvilon.
    79 | D        | Found a blossoming altar of Fedhas.
    79 | D        | Found an opulent altar of Gozag.
    80 | D        | Found a hazy altar of Hepliaklqana.
    81 | D        | Found a viscous altar of Jiyva.
    82 | D        | Found an ancient bone altar of Kikubaaqudgha.
    83 | D        | Found a corrupted altar of Lugonu.
    84 | D        | Found a burning altar of Makhleb.
    85 | D        | Found a sparkling altar of Nemelex Xobeh.
    86 | D        | Found an iron altar of Okawaru.
    87 | D        | Found a stormy altar of Qazlal.
    88 | D        | Found a sacrificial altar of Ru.
    89 | D        | Found a shimmering blue altar of Sif Muna.
    90 | D        | Found a bloodstained altar of Trog.
    91 | D        | Found a hide-covered altar of Uskayaw.
    92 | D        | Found a radiant altar of Vehumet.
    93 | D        | Found an ornate altar of the Wu Jian Council.
    94 | D        | Found a shimmering altar of Xom.
    95 | D        | Found a basalt altar of Yredelemnul.
    96 | D        | Found a glowing silver altar of Zin.
    97 | D        | Found a glowing golden altar of the Shining One.
   104 | D        | Became a worshipper of Warmaster Okawaru
   252 | D        | Noticed an orc warrior
   252 | D        | Noticed a scorpion
   252 | D        | Noticed a big kobold
   268 | D        | Killed a big kobold
   268 | D        | Reached skill level 6 in Polearms
   268 | D        | Reached skill level 5 in Shields
   268 | D        | Reached XP level 4. HP: 36/40 MP: 4/4
   284 | D        | Reached skill level 7 in Polearms
   284 | D        | Reached skill level 1 in Dodging
   284 | D        | Reached XP level 5. HP: 33/47 MP: 5/5
   307 | D        | Killed an orc warrior
   307 | D        | Reached * piety under Okawaru
   307 | D        | Reached skill level 8 in Polearms
   307 | D        | Reached skill level 5 in Armour
   307 | D        | Reached XP level 6. HP: 10/55 MP: 6/6
   308 | D        | Reached skill level 9 in Polearms
   569 | D        | Noticed a guardian serpent
   569 | D        | Noticed an eye of draining
   573 | D        | a guardian serpent changed into something unseen
   576 | D        | Noticed a hog
   578 | D        | Noticed a water moccasin
   578 | D        | a hog changed into a water moccasin
   580 | D        | Killed an eye of draining
   580 | D        | Reached skill level 10 in Polearms
   596 | D        | Killed an unseen horror
   596 | D        | Reached ** piety under Okawaru
   596 | D        | Reached skill level 13 in Polearms
   596 | D        | Reached XP level 7. HP: 37/64 MP: 1/7
   599 | D        | Reached XP level 8. HP: 41/71 MP: 2/8
   891 | D        | Gained mutation: You expend magic power (3 MP) to
                  | strengthen your wands. [potion of mutation]
   891 | D        | Gained mutation: Your flesh is heat resistant. (rF+)
                  | [potion of mutation]
   912 | D        | Noticed a cane toad
   912 | D        | Noticed a cane toad
   912 | D        | Noticed a yak
   912 | D        | Noticed a komodo dragon
   916 | D        | Noticed a yak
   921 | D        | Mangled by a komodo dragon

Illustrated notes

Levels and vault maps discovered:
D:        linesprint [early_d, line_temple, items_1, d_10, items_2, lair_1,
          lair_end, items_3, orc_1, orc_end, items_4, d_15, swamp_1, shoals_1,
          snake_1, spider_1, d_20, vaults_1, items_5, swamp_end, shoals_end,
          snake_end, spider_end, vaults_end, d_27, items_6, zot_1, zot_end,
          crypt_end, forest_end, elf_end, slime_end, tomb_end, abyss_end,
          pan_hell_end]

Skill      XL: |  1  2  3  4  5  6 |
---------------+-------------------+-----
Fighting       | 4 6 7 9 |  9.3
Polearms       | 4 6 7 8 13 | 13.3
Armour         | 3 4 5 7 |  7.3
Shields        | 4 5 6 8 |  8.3
Dodging        | 1 3 |  3.3

Action                   |  1- 3 |  4- 6 |  7- 9 || total
-------------------------+-------+-------+-------++-------
Melee: Trident           |    46 |    72 |    21 ||   139
Evoke: Wand              |       |       |     1 ||     1
  Use: Potion            |     1 |     2 |     1 ||     4
Armor: Scale mail        |     8 |       |       ||     8
       Chain mail        |     5 |    19 |     3 ||    27
Dodge: Dodged            |     8 |     4 |     2 ||    14
Block: Kite shield       |    14 |    14 |     3 ||    31

Table legend: (Time is in decaauts)
 A = Elapsed time spent in this place.
 B = Non-inter-level travel time spent in this place.
 C = Inter-level travel time spent in this place.
 D = Time resting spent in this place.
 E = Time spent auto-exploring this place.
 F = Levels seen in this place.
 G = Mean time per level.
                   A        B        C        D        E       F      G
               +--------+--------+--------+--------+--------+-----+--------+
         Total |    927 |    927 |      0 |    405 |    236 |   1 |  927.0 |
       Dungeon |    927 |    927 |      0 |    405 |    236 |   1 |  927.0 |
               +--------+--------+--------+--------+--------+-----+--------+

Top non-repeatable levels by time:
       D: 927 daAuts
